Unix NetHack Version 5.0.0-0 post-release - last build Jun 10 2026 00:39:30 (3ee93aec679c4c4259841fe613dc97188e26a321,branch:main).

Game began 2026-07-10 05:09:46, ended 2026-07-10 06:04:07.

BATTLEMODE, chaotic female elven Wizard

                                                ########$
  -----           ------------    -----##########  -----@       -----
  |...|           |..........|####....-#           |...f#       .>..|
  |..[-####   ####....)......-#   |`..|############..xE| #####  |...|
  |...|   #####   -------.----   #.^<.|#           |...|########....|
  |...|  ##              #       #-----`        ###+...|%       |...|
  |....######?##########################        #  |...|#       --.--
  |!..|                #         #    ####      #  |`..|##        #
  -----               ##       ###-------+----###  ----- #       #
                     -.------ ##  |.......^..|#          #    #### #
                     |......| #   |..........-#          #  --`----.-
                     |......| #   |..........|           ###|`?..`.^|
                     |......| #   |......._..|             #.```+...|
                     |......| #   |..........|              |.......|
                     |.......##   |..........|              |.......|
                     --------     ------------              -.-------
                                                             #

BATTLEMODE the Conjurer   St:8 Dx:11 Co:13 In:20 Wi:9 Ch:12  Chaotic
Dlvl:8  $:25 HP:0(39) Pw:4(56) AC:9  Xp:5 T:3313  Satiated

Latest messages:
 What do you want to drop? [$a-fhnoqvyzAD-FHJKN or ?*] ?
 You drop a scroll of blank paper.
 Your movements are now unencumbered.
 What do you want to drop? [$a-fhnoqvyAD-FHJKN or ?*] ?
 You drop a scroll of blank paper.
 O - a scroll labeled ETAOIN SHRDLU.
 What do you want to read? [EO or ?*] D
 That is a silly thing to read.
 What do you want to read? [EO or ?*] ?
 As you read the scroll, it disappears.
 The ceiling rumbles around you!
 With great effort you move the boulder.
 Your legs feel better.
 You see here a spellbook of protection.
 You see here a rock piercer corpse.
 The jaguar hits!
 The jaguar hits again!
 The jaguar bites!
 You miss the jaguar.
 The jaguar hits!
 The jaguar hits again!
 The jaguar bites!
 Wizards aren't able to use two weapons at once.
 What do you want to use or apply? [cnoqAEJ or ?*] Z
 You don't have that object.
 What do you want to use or apply? [cnoqAEJ or ?*] <esc>
 Never mind.
 In what direction? 4
 The spell hits the jaguar!
 The jaguar hits!
 The jaguar hits again!
 The jaguar bites!
 The giant bat bites!
 The giant bat bites!
 In what direction? s
 You feel better.
 The jaguar hits!
 The jaguar hits again!
 The jaguar bites!
 The giant bat bites!
 The giant bat bites!
 The jaguar hits!
 The jaguar hits again!
 The jaguar bites!
 You die...
 Do you want your possessions identified? [ynq] (y) y
 Do you want to see your attributes? [ynq] (y) y
 Do you want an account of creatures vanquished? [ynaq] (y) y
 Do you want to see your conduct and achievements? [ynq] (y) y
 Do you want to see the dungeon overview? [ynq] (y) y

Inventory:
 Coins    ('$')
  $ - 25 gold pieces
 Weapons  (')')
  D - a +0 dagger (at the ready)
  a - a +0 quarterstaff (alternate weapon; not wielded)
 Armor    ('[')
  b - an uncursed +0 cloak of magic resistance (being worn)
 Comestibles  ('%')
  y - an uncursed tripe ration
  K - 2 uncursed eggs
  v - an uncursed lichen corpse
 Spellbooks  ('+')
  E - an uncursed spellbook of cancellation
 Potions  ('!')
  h - an uncursed potion of booze
  f - an uncursed potion of fruit juice
  H - an uncursed potion of water
 Rings    ('=')
  d - an uncursed ring of free action (on left hand)
  F - an uncursed ring of poison resistance
  e - an uncursed ring of slow digestion (on right hand)
 Wands    ('/')
  c - a wand of cancellation (0:5)
  A - a wand of locking named Uncursed (0:-1)
  q - a wand of nothing named Uncursed, no visible effect zapping (0:5)
 Tools    ('(')
  J - an uncursed bag of holding named Uncursed containing 8 items
  o - an uncursed bell
  n - a magic marker (0:0)

Contents of the bag of holding named Uncursed:
  130 gold pieces
  3 uncursed food rations
  an uncursed orange
  an uncursed sprig of wolfsbane
  a blessed scroll of destroy armor
  an uncursed scroll of gold detection
  a blessed spellbook of force bolt
  an uncursed spellbook of healing

BATTLEMODE the Wizard's attributes:

Background:
 You were a Conjurer, a level 5 female elven Wizard.
 You were chaotic, nominally on a mission for Anhur
 who was opposed by Ptah (lawful) and Thoth (neutral).
 You were right-handed.
 You were in the Dungeons of Doom, on level 8.
 You entered the dungeon 3313 turns ago.
 You had 308 experience points, 12 more were needed to attain level 6.

Basics:
 You had 0 out of 39 hit points.
 You had 4 out of 56 energy points (spell power).
 Your armor class was 9.
 Your wallet contained 25 zorkmids, and
 you had 130 more stashed away in your pack.
 Autopickup was off.

Final Characteristics:
 Your strength was 8 (peak:9, limit:18).
 Your dexterity was 11 (peak:13, limit:18).
 Your constitution was 13 (limit:16).
 Your intelligence was 20 (limit:20).
 Your wisdom was 9 (limit:20).
 Your charisma was 12 (limit:18).

Final Status:
 You were satiated.
 You were unencumbered.
 You were bare handed.
 You were unskilled in bare handed combat.

Final Attributes:
 You were piously aligned.
 You were magic-protected.
 You were sleep resistant.
 You had infravision.
 You had slower digestion.
 You were warded.
 You had free action.
 You are dead.

Miscellaneous:
 You encountered 1 bones level.
 Total elapsed playing time was 54 minutes and 20 seconds.

Major events:
 Turn
    1: BATTLEMODE the chaotic female elven Wizard entered the dungeon
  995: attained the rank of Conjurer (level 3)
 1406: found Trollsbane in a shop
 3313: killed by a jaguar

Spells:
 Name                 Level Category     Fail Retention
 force bolt             1   attack         0%   81%-90%
 create monster         2   clerical      39%  76%-100%
 healing                1   healing        0%  76%-100%

Skills:
 Fighting Skills
   bare handed combat [Unskilled]
   riding             [Unskilled]
 Weapon Skills
   dagger             [Unskilled]
   knife              [Unskilled]
   axe                [Unskilled]
   short sword        [Unskilled]
   club               [Unskilled]
   mace               [Unskilled]
   quarterstaff       [Basic]
   polearms           [Unskilled]
   spear              [Unskilled]
   trident            [Unskilled]
   sling              [Unskilled]
   dart               [Unskilled]
   shuriken           [Unskilled]
 Spellcasting Skills
   attack spells      [Basic]
   healing spells     [Unskilled]
   divination spells  [Unskilled]
   enchantment spells [Basic]
   clerical spells    [Unskilled]
   escape spells      [Unskilled]
   matter spells      [Unskilled]

Voluntary challenges:
 Character rerolling was not enabled.
 You were an atheist.
 You never genocided any monsters.
 You never polymorphed an object.
 You never changed form.
 You used no wishes.
Achievements:
 You entered a shop.
 You attained the rank of Conjurer.

 The Dungeons of Doom: levels 1 to 8
    Level 1:
    Level 2:
       A potion shop.
    Level 3:
       A fountain.
    Level 4:
       A weapon shop, some fountains.
    Level 5:
       Many fountains.
    Level 6:
       A throne, a grave.
       Final resting place for
          Mushroomi-Mon-Hum-Mal-Law, killed by a dwarf queen.
    Level 7:
       An altar to Anhur.
    Level 8: <- You were here.
       An altar to Anhur.
       Final resting place for
          you, killed by a jaguar.


Vanquished creatures:
  a dwarf ruler
  a gnome mummy
  a bugbear
  2 Mordor orcs
  a rock piercer
  a giant ant
  a floating eye
  a dwarf
  2 kobold leaders
  a rothe
  a rabid rat
  a centipede
  a large kobold
  2 hobgoblins
  4 giant rats
  a cave spider
  2 yellow molds
  a green mold
  a red mold
  4 gnomes
  a gnome zombie
 11 jackals
  a kobold
  2 goblins
  3 sewer rats
  6 grid bugs
  a bat
  5 lichens
  3 kobold zombies
  8 newts
71 creatures vanquished.

No species were genocided or became extinct.

Game over:
                       ----------
                      /          \
                     /    REST    \
                    /      IN      \
                   /     PEACE      \
                  /                  \
                  |    BATTLEMODE    |
                  |      155 Au      |
                  |   killed by a    |
                  |      jaguar      |
                  |                  |
                  |                  |
                  |       2026       |
                 *|     *  *  *      | *
        _________)/\\_//(\/(/\)/\//\/|_)_______

Goodbye BATTLEMODE the Wizard...

You died in The Dungeons of Doom on dungeon level 8 with 1762 points,
and 155 pieces of gold, after 3313 moves.
You were level 5 with a maximum of 39 hit points when you died.

